[Event "Polofinale MCR junioru 2023"]
[Site "Czech Republic"]
[Date "2023.11.16"]
[Round "7.18"]
[White "Steinbauer, Sebastian"]
[Black "Davidek, Zdenek"]
[Result "1-0"]
[TimeControl "90 min per 40 moves + 15 min + 30 sec / move from move 1"]
[WhiteFideId "399272"]
[BlackFideId "23725001"]
[WhiteElo "1869"]
[BlackElo "2099"]

1. e4 c5 2. Nf3 Nc6 3. d4 cxd4 4. Nxd4 Nf6 5. Nc3 e5 6. Nxc6 bxc6 7. Bg5 Be7 8. Bc4 Rb8 9. O-O O-O 10.
f4 d6 11. fxe5 dxe5 12. Qxd8 Rxd8 13. Bb3 Be6 14. Be3 a6 15. h3 Bb4 16. Bg5 Be7 17. Rad1 h6 18. Bxf6 Bxf6 19. Rxd8+ Bxd8 20.
Bxe6 fxe6 21. b3 Ba5 22. Na4 Rd8 23. Rf2 Rd1+ 24. Kh2 Re1 25. c4 Bb4 26. Nb2 Rxe4 27. Nd3 Be7 28. a4 a5 29.
Kg1 Bh4 30. Rf3 Re2 31. Kf1 Rd2 32. Nc5 Rd1+ 33. Ke2 Re1+ 34. Kd2 Rg1 35. g4 Be1+ 36. Kd3 Bb4 37. Nxe6 Rd1+ 38. Ke4 Re1+ 39.
Re3 Rh1 40. Kxe5 Bd2 41. Rd3 Bb4 42. c5 Re1+ 43. Kd6 Re4 44. Nd8 h5 45. gxh5 1-0

[Event "Polofinale MCR junioru 2023"]
[Site "Czech Republic"]
[Date "2023.11.16"]
[Round "7.19"]
[White "Kulhanek, Jachym"]
[Black "Bednar, Milos"]
[Result "1-0"]
[TimeControl "90 min per 40 moves + 15 min + 30 sec / move from move 1"]
[WhiteFideId "23716193"]
[BlackFideId "23709812"]
[WhiteElo "2056"]
[BlackElo "1833"]

1. e4 c5 2. c3 d5 3. exd5 Qxd5 4. d4 Nc6 5. Nf3 Bg4 6. Be2 e6 7. O-O Nf6 8. Be3 cxd4 9. cxd4 Be7 10.
Nc3 Qd6 11. Qb3 O-O 12. Rfd1 Rfd8 13. h3 Bh5 14. Rd2 Nb4 15. Ne5 Bxe2 16. Rxe2 b6 17. a3 Nc6 18. Nb5 Na5 19. Qd1 Qb8 20.
b4 a6 21. bxa5 axb5 22. Nc6 Qd6 23. Nxd8 Rxd8 24. axb6 Qxb6 25. Qb3 Qa6 26. Ree1 Nd5 27. Reb1 Rb8 28. Qd3 Qa4 29. Bd2 Bf6 30.
Bb4 Qa8 31. Bd6 Rb6 32. Bc5 Nf4 33. Qf3 Qxf3 34. gxf3 Rb8 35. Ra2 Nxh3+ 36. Kf1 Nf4 1-0

[Event "Polofinale MCR junioru 2023"]
[Site "Czech Republic"]
[Date "2023.11.16"]
[Round "7.20"]
[White "Jasso, Matej"]
[Black "Zezula, Matej"]
[Result "1-0"]
[TimeControl "90 min per 40 moves + 15 min + 30 sec / move from move 1"]
[WhiteFideId "23710748"]
[BlackFideId "23725796"]
[WhiteElo "2033"]
[BlackElo "1666"]

1. e4 c5 2. Nf3 d6 3. d4 cxd4 4. Nxd4 Nf6 5. Nc3 g6 6. Be3 Bg7 7. f3 O-O 8. Bc4 Nc6 9. Qd2 Bd7 10.
h4 Rc8 11. Bb3 a5 12. h5 Nxd4 13. Bxd4 e6 14. a4 Qe7 15. O-O-O b5 16. axb5 Rxc3 17. Bxc3 Bxb5 18. hxg6 hxg6 19.
Qxd6 Qxd6 20. Rxd6 a4 21. Ba2 Rc8 22. Rhd1 Kh7 23. Rd8 Rc5 24. Rh1+ Rh5 25. Rxh5+ Nxh5 26. Bxg7 Kxg7 27. c4 1-0

[Event "Polofinale MCR junioru 2023"]
[Site "Czech Republic"]
[Date "2023.11.16"]
[Round "7.21"]
[White "Roubal, Matyas"]
[Black "Zezula, Jakub"]
[Result "1/2-1/2"]
[TimeControl "90 min per 40 moves + 15 min + 30 sec / move from move 1"]
[WhiteFideId "23727152"]
[BlackFideId "23723203"]
[WhiteElo "1837"]
[BlackElo "2002"]

1. e4 e5 2. Nf3 Nc6 3. d4 exd4 4. Nxd4 Nf6 5. Nxc6 bxc6 6. e5 Qe7 7. Qe2 Nd5 8. g3 g6 9. c4 Ba6 10.
b3 Bg7 11. Bb2 O-O 12. Bg2 Rfe8 13. O-O Bxe5 14. Qxe5 Qxe5 15. Bxe5 Rxe5 16. cxd5 Bxf1 17. Kxf1 cxd5 18. Nc3 c6 19.
Ne2 Kf8 20. Nf4 a5 21. Nd3 Re7 22. Rc1 Ke8 23. Bf3 Kd8 24. Be2 Kc7 25. Ke1 h5 26. Kd2 Kd6 27. Bf3 Re6 28. Rc3 Ree8 29.
Nc5 Re7 30. Nd3 Rae8 31. Rc5 Ra8 32. Kc3 Re6 33. Kd4 Ra7 34. Rc2 Re8 35. Bg2 h4 36. Bf3 hxg3 1/2-1/2

[Event "Polofinale MCR junioru 2023"]
[Site "Czech Republic"]
[Date "2023.11.16"]
[Round "7.22"]
[White "Veny, Jaume"]
[Black "Simunek, Jakub Simon"]
[Result "0-1"]
[TimeControl "90 min per 40 moves + 15 min + 30 sec / move from move 1"]
[WhiteFideId "397792"]
[BlackFideId "23709464"]
[WhiteElo "1729"]
[BlackElo "1970"]

1. d4 d5 2. c4 c6 3. cxd5 cxd5 4. Nc3 Nf6 5. Bf4 Nc6 6. Nf3 a6 7. e3 Bg4 8. Be2 e6 9. O-O Bd6 10.
Bxd6 Qxd6 11. h3 Bxf3 12. Bxf3 O-O 13. Rc1 Rac8 14. Na4 Nd7 15. Qd2 Ne7 16. b4 b5 17. Nc5 Nb6 18. Ra1 Rc6 19.
Qb2 Rfc8 20. Rfd1 Ng6 21. Bh5 Nh4 22. Qe2 g6 23. Bf3 Nc4 24. g3 Nf5 25. Kg2 h5 26. Rd3 Ra8 27. Rb3 Rb6 28.
a4 bxa4 29. Rxa4 Rab8 30. Qe1 a5 31. Be2 Qc6 32. Kh2 Nfd6 33. Ra1 Rxb4 34. Rxb4 Rxb4 35. Bd1 Qb6 36. Qe2 Rb2 37. Qf3 Qc6 38.
Ba4 Qc7 39. Rc1 h4 40. Bd7 Nf5 41. Kg1 hxg3 42. fxg3 Qxg3+ 43. Qxg3 Nxg3 0-1

[Event "Polofinale MCR junioru 2023"]
[Site "Czech Republic"]
[Date "2023.11.16"]
[Round "7.23"]
[White "Nespurek, Jakub"]
[Black "Benes, Jachym"]
[Result "1/2-1/2"]
[TimeControl "90 min per 40 moves + 15 min + 30 sec / move from move 1"]
[WhiteFideId "391816"]
[BlackFideId "23710870"]
[WhiteElo "1680"]
[BlackElo "1950"]

1. e4 e6 2. Bb5 a6 3. Ba4 b5 4. Bb3 Bb7 5. d3 Nf6 6. Nf3 d5 7. e5 Nfd7 8. d4 c5 9. c3 Nc6 10.
O-O Be7 11. h3 Qb6 12. Be3 Rc8 13. Nh2 Ndb8 14. Qg4 g6 15. Qd1 Na5 16. Nd2 Nbc6 17. Ndf3 Nc4 18. Bxc4 dxc4 19. Ng4 cxd4 20.
Nxd4 Nxd4 21. Bxd4 Qc6 22. f3 O-O 23. Nf6+ Kg7 24. Qd2 h6 25. Qf4 Rcd8 26. Ne4 Qc7 27. Nd6 Kh7 28. h4 Bxd6 29.
exd6 Qxd6 30. Qxd6 Rxd6 31. Bc5 Rfd8 32. Bxd6 Rxd6 33. Rad1 Bd5 34. Rd4 Kg7 35. Re1 Rb6 36. f4 Kf6 37.
g4 Rb8 38. Kh2 Rg8 39. Kg3 h5 40. g5+ Kg7 41. a3 Rb8 42. Rd2 a5 43. Re3 Kf8 44. Re5 Rb6 45. Re3 1/2-1/2

[Event "Polofinale MCR junioru 2023"]
[Site "Czech Republic"]
[Date "2023.11.16"]
[Round "7.24"]
[White "Svadlenka, Michal"]
[Black "Pressler, Tobias"]
[Result "1-0"]
[TimeControl "90 min per 40 moves + 15 min + 30 sec / move from move 1"]
[WhiteFideId "23717068"]
[BlackFideId "23715359"]
[WhiteElo "1689"]
[BlackElo "1937"]

1. e4 c5 2. Nf3 Nc6 3. d4 cxd4 4. Nxd4 g6 5. Nc3 Bg7 6. Be3 Nf6 7. f3 O-O 8. Bc4 d6 9. Qd2 Bd7 10.
O-O-O Rc8 11. Bb3 Bh8 12. g4 Ne5 13. h4 Nc4 14. Bxc4 Rxc4 15. h5 a6 16. hxg6 fxg6 17. e5 Nxg4 18.
fxg4 Bxg4 19. Qg2 Qc8 20. Nd5 Rf7 21. Nb6 Qc7 22. Rdf1 Qxb6 23. Rxf7 Rxd4 24. Bxd4 Qxd4 25. Qf1 Bg7 26.
Rxe7 Bf5 27. Qf3 d5 28. Rd1 Bh6+ 29. Kb1 Bxc2+ 30. Kxc2 Qc5+ 31. Kb1 Qxe7 32. Qxd5+ Kg7 33. e6 Bg5 34.
Qe4 Kh6 35. Rd7 Qf6 36. Rf7 Qd8 37. Qh1+ Bh4 38. e7 1-0

[Event "Polofinale MCR junioru 2023"]
[Site "Czech Republic"]
[Date "2023.11.16"]
[Round "7.25"]
[White "Vylicil, Adam"]
[Black "Mrazek, Adam"]
[Result "1-0"]
[TimeControl "90 min per 40 moves + 15 min + 30 sec / move from move 1"]
[WhiteFideId "23717556"]
[BlackFideId "23725010"]
[WhiteElo "1896"]
[BlackElo "1643"]

1. d4 Nf6 2. c4 g6 3. Nc3 Bg7 4. e4 d6 5. Be2 O-O 6. Nf3 e5 7. O-O Nc6 8. d5 Ne7 9. Ne1 Nd7 10.
Nd3 f5 11. f3 f4 12. b4 g5 13. a4 Nf6 14. a5 Ng6 15. c5 Rf7 16. Nf2 h5 17. Kh1 Bf8 18. c6 Rg7 19. Rg1 Nh8 20.
g3 fxg3 21. Rxg3 Nh7 22. cxb7 Bxb7 23. a6 Bc8 24. Be3 Ng6 25. Nb5 Nf4 26. Bc4 g4 27. fxg4 Qh4 28. Qg1 Bxg4 29. Nxg4 hxg4 30.
Nxa7 Nf6 31. Qb1 Rh7 32. Qg1 Rg7 33. Qb1 N6h5 34. Qg1 Nxg3+ 35. Qxg3 Qxg3 36. hxg3 Rh7+ 37. Kg1 Nh3+ 38. Kg2 Ng5 39. Bxg5 Rxa7 40. Be3 Ra8 41.
a7 Bh6 42. Bxh6 Rxh6 43. Bb5 Kf7 44. Bc6 Rhh8 45. Kf2 Ke7 46. Ke3 Raf8 47. Kd3 1-0

[Event "Polofinale MCR junioru 2023"]
[Site "Czech Republic"]
[Date "2023.11.16"]
[Round "7.26"]
[White "Andrle, Filip"]
[Black "Siles, Jan"]
[Result "1/2-1/2"]
[TimeControl "90 min per 40 moves + 15 min + 30 sec / move from move 1"]
[WhiteFideId "23718749"]
[BlackFideId "23715405"]
[WhiteElo "2005"]
[BlackElo "1829"]

1. e4 d6 2. d4 e5 3. Nf3 Nd7 4.
Nc3 Ngf6 5. Be2 Be7 6. O-O O-O 7. h3 c6 8. Qd3 exd4 9. Nxd4 d5 10. Qg3 Nxe4 11. Nxe4 dxe4 12. Bh6 Bf6 13.
Nf5 g6 14. Bxf8 Kxf8 15. Nd6 Be5 16. Qa3 Bxd6 17. Qxd6+ Qe7 18. Rad1 Qxd6 19. Rxd6 Ke7 20. Rfd1 Nb6 21. R6d4 f5 22.
Rd8 Be6 23. Rxa8 Nxa8 24. g3 Nb6 25. f3 Nd5 26. fxe4 fxe4 27. h4 Kf6 28. Kf2 Ke5 29. c4 Nb4 30. Rd2 Nxa2 31. Ke3 Nb4 32.
b3 h5 1/2-1/2

[Event "Polofinale MCR junioru 2023"]
[Site "Czech Republic"]
[Date "2023.11.16"]
[Round "7.27"]
[White "Vana, Jan"]
[Black "Mydlar, Matej"]
[Result "1/2-1/2"]
[TimeControl "90 min per 40 moves + 15 min + 30 sec / move from move 1"]
[WhiteFideId "23726016"]
[BlackFideId "23735074"]
[WhiteElo "1965"]
[BlackElo "1809"]

1. e4 c5 2. Nc3 Nc6 3. Bb5 d6 4. Bxc6+ bxc6 5. d3 g6 6. f4 Bg7 7. Nf3 e6 8. O-O Ne7 9. e5 d5 10.
Na4 O-O 11. Nxc5 f6 12. exf6 Bxf6 13. d4 Nf5 14. Ne5 Qb6 15. c3 Qc7 16. Qe2 Re8 17. g4 Nd6 18. Bd2 a5 19. a4 Nb7 20.
Nxb7 Bxb7 21. Qe3 Ba6 22. Rfb1 Bxe5 23. fxe5 Rf8 24. Qg3 Qe7 25. h4 Rf7 26. Bg5 Qc7 27. Kg2 c5 28. dxc5 Qxc5 29.
Bf6 Rc8 30. h5 d4 31. hxg6 hxg6 32. Qf4 Rh7 33. Qg5 Bd3 34. Rd1 Qc6+ 35. Kg3 Rh3+ 36. Kxh3 Qf3+ 37. Kh2 Qf2+ 1/2-1/2

[Event "Polofinale MCR junioru 2023"]
[Site "Czech Republic"]
[Date "2023.11.16"]
[Round "7.28"]
[White "Hrbek, Jachym"]
[Black "Sadil, Antonin"]
[Result "0-1"]
[TimeControl "90 min per 40 moves + 15 min + 30 sec / move from move 1"]
[WhiteFideId "23709138"]
[BlackFideId "23735597"]
[WhiteElo "1913"]
[BlackElo "1648"]

1. e4 c5 2. Nf3 d6 3. d4 cxd4 4. Nxd4 Nf6 5. Nc3 g6 6. Be3 Bg7 7. f3 O-O 8. Qd2 Nc6 9. O-O-O d5 10.
exd5 Nxd5 11. Nxc6 bxc6 12. Bd4 e5 13. Bc5 Be6 14. Bc4 Re8 15. Kb1 Qc7 16. Ne4 Red8 17. Bb3 a5 18. Qf2 Qb7 19.
a4 f5 20. Nd6 Rxd6 21. Bxd6 e4 22. Bc5 Rb8 23. Bd4 e3 24. Qe2 Bxd4 25. Rxd4 Nc3+ 26. bxc3 Bxb3 27. Rb4 Bxc2+ 28. Kxc2 axb4 29.
Qxe3 Qf7 30. Ra1 Qc4 31. Qd4 Qe2+ 32. Qd2 b3+ 0-1

[Event "Polofinale MCR junioru 2023"]
[Site "Czech Republic"]
[Date "2023.11.16"]
[Round "7.29"]
[White "Sprinar, Michal"]
[Black "Babula, Matej"]
[Result "1/2-1/2"]
[TimeControl "90 min per 40 moves + 15 min + 30 sec / move from move 1"]
[WhiteFideId "23714190"]
[BlackFideId "398322"]
[WhiteElo "1742"]
[BlackElo "1899"]

1. e4 c5 2. Nf3 e6 3. d4 cxd4 4.
Nxd4 a6 5. Nc3 b5 6. a3 Qc7 7. Bd3 Bc5 8. Nb3 Be7 9. O-O Nf6 10. f4 d6 11. Be2 Bb7 12. Bf3 Nbd7 13. Be3 O-O 14.
g4 Nc5 15. Nxc5 dxc5 16. g5 Rfd8 17. Qe1 Nd7 18. Qh4 c4 19. Qh3 Nf8 20. Bg2 Bc5 21. Rad1 Rxd1 22. Rxd1 Rd8 23. Rxd8 Bxe3+ 24. Qxe3 Qxd8 25. Kf2 h6 26. h4 hxg5 27. hxg5 Qd6 28. e5 Qd7 29. Bxb7 Qxb7 30. Qe4 Qb6+ 31. Qe3 Qb7 32. Qe4 Qb6+ 33.
Qe3 Qd8 34. Ke2 Ng6 35. Ne4 Qd5 36. c3 Ne7 37. Qd4 Qxd4 38. cxd4 Nf5 39. Nc5 a5 40. Nb7 Nxd4+ 41. Ke3 Nf5+ 42.
Ke4 b4 43. Nxa5 c3 44. bxc3 bxa3 45. Nb3 a2 46. Kd3 Kh7 47. Kc2 Kg6 48. Kb2 Kh5 49. Nc5 Kg4 50. g6 fxg6 51. Nxe6 Ne7 52.
Kxa2 Kf5 53. Nxg7+ Kxf4 54. Kb3 Kxe5 55. c4 Kf6 56. Ne8+ Ke6 57. Nc7+ Ke5 58. Kc3 g5 59. Kd3 g4 60.
Ke3 Nf5+ 61. Kf2 Kd4 62. Nd5 Kxc4 1/2-1/2

[Event "Polofinale MCR junioru 2023"]
[Site "Czech Republic"]
[Date "2023.11.16"]
[Round "7.30"]
[White "Mrazek, Roman"]
[Black "Gregor, Alexandr"]
[Result "1-0"]
[TimeControl "90 min per 40 moves + 15 min + 30 sec / move from move 1"]
[WhiteFideId "23707062"]
[BlackFideId "23735813"]
[WhiteElo "1866"]
[BlackElo "1601"]

1. e4 c5 2. Nf3 Nc6 3. d4 cxd4 4. Nxd4 g6 5. c4 Bg7 6. Be3 Nf6 7. Nc3 O-O 8. Be2 d6 9. O-O Bd7 10.
Nc2 Be6 11. f3 Nd7 12. Qd2 a5 13. Rac1 Nc5 14. b3 Qc7 15. Rfd1 Nb4 16. Nd4 Bd7 17. Kh1 Bc6 18. Qb2 a4 19.
a3 Bxd4 20. Bxd4 Nxb3 21. axb4 Nxc1 22. Rxc1 Rfb8 23. b5 Bd7 24. Nd5 Qd8 25. Bb6 a3 26. Qc3 Qf8 27. Nc7 Ra4 28. Bd1 1-0

[Event "Polofinale MCR junioru 2023"]
[Site "Czech Republic"]
[Date "2023.11.16"]
[Round "7.31"]
[White "Svadlenka, Dominik"]
[Black "Popov, Roman"]
[Result "1-0"]
[TimeControl "90 min per 40 moves + 15 min + 30 sec / move from move 1"]
[WhiteFideId "23716258"]
[BlackFideId "23732580"]
[WhiteElo "1725"]
[BlackElo "1889"]

1. d4 d5 2. c4 c6 3. Nf3 Nf6 4. Nc3 dxc4 5. a4 Bf5 6. e3 e6 7. Bxc4 Bb4 8. O-O O-O 9. Qe2 Bg6 10.
Ne5 a5 11. Nxg6 hxg6 12. Rd1 Qe7 13. e4 e5 14. dxe5 Qxe5 15. f4 Qc5+ 16. Be3 Qe7 17. e5 Bc5 18. Rd3 Nfd7 19. e6 fxe6 20.
Qg4 Rf5 21. Qxg6 Rf6 22. Qg4 Nf8 23. Ne4 Bxe3+ 24. Rxe3 Rg6 25. Qe2 Kh8 26. Ng5 Rh6 27. Nxe6 Nxe6 28. Rxe6 Qc5+ 29. Kh1 Nd7 30.
Rxh6+ gxh6 31. Qe6 Nf8 32. Qg8# 1-0

[Event "Polofinale MCR junioru 2023"]
[Site "Czech Republic"]
[Date "2023.11.16"]
[Round "7.32"]
[White "Fizerova, Lucie"]
[Black "Urbansky, Stepan"]
[Result "0-1"]
[TimeControl "90 min per 40 moves + 15 min + 30 sec / move from move 1"]
[WhiteFideId "385115"]
[BlackFideId "23761741"]
[WhiteElo "1886"]
[BlackElo "1675"]

1. c4 Nf6 2. Nc3 g6 3. g3 Bg7 4. Bg2 O-O 5. d4 d6 6. e4 Nbd7 7. Nge2 e5 8. d5 Nh5 9. O-O f5 10. exf5 gxf5 11. f3 f4 12.
Ne4 Nc5 13. Nxc5 dxc5 14. g4 Nf6 15. Nc3 Ne8 16. Re1 h5 17. h3 hxg4 18. fxg4 Qh4 19. Rf1 Nf6 20. Qe1 Qxe1 21. Rxe1 Ne8 22.
Bf3 Nd6 23. h4 Nxc4 24. Ne4 b6 25. Kf2 Nd6 26. Nxd6 cxd6 27. Rb1 b5 28. b3 a5 29. Bd2 b4 30. h5 Bh6 31. g5 Bxg5 32.
Rg1 Rf5 33. Be4 Kf7 34. Kf3 Bh6 35. Bxf5 Bxf5 36. Rbe1 a4 37. Bc1 axb3 38. axb3 Ra2 39. Rgf1 e4+ 40. Rxe4 Bxe4+ 41. Kxe4 Ra1 42.
Kd3 Kg8 43. Rg1+ Kh7 44. Re1 Bg5 45. Bd2 Rxe1 46. Bxe1 Kh6 47. Ke4 Kxh5 48. Kf3 Kg6 49. Ke4 Kh5 50. Kf3 Bh6 51. Bd2 Kg6 52.
Bc1 Kf5 53. Bb2 Bg5 54. Ba1 Bf6 55. Bxf6 Kxf6 56. Kxf4 c4 57. Ke3 cxb3 0-1

[Event "Polofinale MCR junioru 2023"]
[Site "Czech Republic"]
[Date "2023.11.16"]
[Round "7.33"]
[White "Hampl, David"]
[Black "Kocman, Patrik"]
[Result "1/2-1/2"]
[TimeControl "90 min per 40 moves + 15 min + 30 sec / move from move 1"]
[WhiteFideId "398802"]
[BlackFideId "23735732"]
[WhiteElo "1801"]
[BlackElo "1478"]

1. d4 Nf6 2. Bg5 d5 3. Bxf6 exf6 4. e3 Bd6 5. g3 O-O 6. Bg2 c6 7. Ne2 Bf5 8. O-O Qd7 9. Re1 Na6 10.
a3 Nc7 11. Nd2 Ne6 12. c4 dxc4 13. Nxc4 Bc7 14. b4 Rfe8 15. Qb3 h6 16. Nc3 Ng5 17. Rad1 Bg4 18. Rd3 Nf3+ 19. Bxf3 Bxf3 20.
e4 Bh5 21. d5 Rad8 22. d6 Bb8 23. f4 b5 24. Na5 Re6 25. e5 fxe5 26. fxe5 Bg6 27. Rde3 Rde8 28. Nd1 Kh7 29. Qc3 Rc8 30.
Nb3 Bxd6 31. exd6 Rxe3 32. Nxe3 Qxd6 33. Ng4 f6 34. Ne3 Re8 35. Ng2 Rd8 36. Nf4 Bf7 37. Na5 g5 38. Ng2 Rc8 39.
Rf1 Kg7 40. Ne3 Bg6 41. Ng4 Rf8 42. Qxc6 Qd4+ 43. Nf2 Re8 44. Qxb5 h5 45. Rd1 Qe3 46. Nc4 Qb3 47. Qd7+ Kh6 48.
Qd4 Re2 49. Kf1 Qf3 50. Nd2 Rxf2+ 51. Qxf2 Qxd1+ 52. Kg2 Qc2 53. Nf3 Qc6 54. Qc5 Qb7 55. Kf2 Qf7 56. Qc3 Qe6 57. Qe3 Qa2+ 58.
Nd2 Qd5 59. a4 Bc2 60. a5 Ba4 61. Ne4 Qa2+ 62. Qe2 Qa1 63. Nc5 Qd4+ 64. Qe3 Qb2+ 65. Kg1 Qb1+ 66. Kf2 Qb2+ 1/2-1/2

[Event "Polofinale MCR junioru 2023"]
[Site "Czech Republic"]
[Date "2023.11.16"]
[Round "7.34"]
[White "Jurok, Vojtech"]
[Black "Valdman, Jakub"]
[Result "1/2-1/2"]
[TimeControl "90 min per 40 moves + 15 min + 30 sec / move from move 1"]
[WhiteFideId "23741023"]
[BlackFideId "23718196"]
[WhiteElo "1801"]
[BlackElo "1594"]

1. e4 e5 2. Nc3 Nf6 3. f4 d5 4. fxe5 Nxe4 5. Qf3 Nxc3 6. bxc3 Be7 7. d4 O-O 8. Bd3 f6 9. Qh5 g6 10.
Bxg6 hxg6 11. Qxg6+ Kh8 12. Qh6+ Kg8 13. Qg6+ Kh8 14. Qh6+ Kg8 15. Qg6+ 1/2-1/2

[Event "Polofinale MCR junioru 2023"]
[Site "Czech Republic"]
[Date "2023.11.16"]
[Round "7.35"]
[White "Slaby, Matej"]
[Black "Lieber, Lukas"]
[Result "1-0"]
[TimeControl "90 min per 40 moves + 15 min + 30 sec / move from move 1"]
[WhiteFideId "23734876"]
[BlackFideId "23700688"]
[WhiteElo "1940"]
[BlackElo "1959"]

1. e4 c6 2. d4 d5 3. e5 c5 4. dxc5 e6 5. Be3 Nd7 6. Nf3 Ne7 7. a3 Nc6 8. b4 Ncxe5 9. Nbd2 Ng4 10.
Bg5 f6 11. Bh4 Nh6 12. c4 d4 13. Nxd4 Nxc5 14. N2f3 Ne4 15. Bd3 Nd6 16. Qe2 Qe7 17. c5 Ndf5 18. Bb5+ Kf7 19. Bg3 g6 20.
Rd1 Bg7 21. Bc4 Rd8 22. O-O Bd7 23. Rfe1 Re8 24. Nxe6 Bxe6 25. Qa2 Kf8 26. Rxe6 Rad8 27. Rde1 Qd7 28. Rxe8+ Rxe8 29. Rxe8+ Qxe8 30.
Qe2 Qd8 31. Qd3 Qe7 32. Bb8 a6 33. h3 Nf7 34. Qd5 Ke8 35. a4 Ng5 36. Nxg5 fxg5 37. Qe6 Bd4 38. Qc8+ Qd8 39. Bf7+ Ke7 40.
Qxb7+ Kf6 41. Bd5 Ne7 42. Bd6 a5 43. Bc4 axb4 44. Qe4 Nf5 45. g4 Bc3 46. gxf5 g4 47. hxg4 Kg7 48. Qe7+ 1-0

[Event "Polofinale MCR junioru 2023"]
[Site "Czech Republic"]
[Date "2023.11.16"]
[Round "7.36"]
[White "Brychta, David"]
[Black "Vlcek, Vojtech"]
[Result "0-1"]
[TimeControl "90 min per 40 moves + 15 min + 30 sec / move from move 1"]
[WhiteFideId "23742798"]
[BlackFideId "23728647"]
[WhiteElo "1230"]
[BlackElo "1703"]

1. c4 e5 2. e3 Nc6 3. g3 Bc5 4. Bg2 d6 5. Ne2 a6 6. O-O Nge7 7. Nbc3 Ba7 8. d4 O-O 9. b3 Bg4 10.
Qd2 Re8 11. Bb2 exd4 12. Nxd4 Nxd4 13. exd4 Nc6 14. Nd1 Re2 15. Qf4 Bh5 16. Bc3 g5 17.
Qc1 Nxd4 18. Ne3 Rc2 19. Qxc2 Nxc2 20. Nxc2 c6 21. Bd2 h6 22. Ne3 Qf6 23. Rac1 Re8 24. Bc3 Bd4 25. Bxd4 Qxd4 26.
Nf5 Qf6 27. Ne3 Bg6 28. Rfd1 Be4 29. Ng4 Qg6 30. Re1 f5 31. Bxe4 Rxe4 32. Rxe4 fxe4 33. Re1 Kf7 34. c5 h5 35.
cxd6 hxg4 36. Rd1 Ke8 37. d7+ Kd8 0-1

[Event "Polofinale MCR junioru 2023"]
[Site "Czech Republic"]
[Date "2023.11.16"]
[Round "7.37"]
[White "Meca, Viktor"]
[Black "Pistej, Tomas"]
[Result "1/2-1/2"]
[TimeControl "90 min per 40 moves + 15 min + 30 sec / move from move 1"]
[WhiteFideId "23739800"]
[BlackFideId "23750740"]
[WhiteElo "1642"]
[BlackElo "1502"]

1. e4 e5 2. Nf3 Nc6 3. Bb5 a6 4. Ba4 d6 5. h3 Bd7 6. O-O g6 7. Re1 Bg7 8. c3 Nf6 9. d4 O-O 10.
d5 Ne7 11. Bxd7 Nxd7 12. Bg5 h6 13. Bxe7 Qxe7 14. Nbd2 f5 15. exf5 gxf5 16. Nd4 Rf6 17. Qc2 Qf7 18. Ne6 Nf8 19.
Nxf8 Rxf8 20. c4 Qh5 21. Qd1 Qh4 22. Rc1 Rg6 23. Rc3 e4 24. Rb3 Be5 25. Re2 Kh8 26. Kh1 Rfg8 27. Qf1 Qg5 28.
g3 h5 29. f4 exf3 30. Nxf3 Qxg3 31. Nxe5 Qg1+ 32. Qxg1 Rxg1+ 33. Kh2 dxe5 34. c5 e4 35. Rxb7 f4 36. Rb8 e3 37. Rxg8+ Rxg8 38.
d6 cxd6 39. cxd6 Rg7 40. a3 Kg8 41. b4 Kf8 42. Rc2 Rd7 43. Rc4 Rxd6 44. Rxf4+ Ke7 45. Re4+ Re6 46. Rxe6+ Kxe6 47. Kg2 Ke5 48. Kf3 Kd4 49.
Ke2 h4 50. a4 Kc4 51. b5 axb5 52. axb5 Kxb5 53. Kxe3 Kc6 54. Kf4 Kd7 55. Kg4 Ke7 56. Kxh4 Kf7 57. Kg5 Kg7 1/2-1/2

[Event "Polofinale MCR junioru 2023"]
[Site "Czech Republic"]
[Date "2023.11.16"]
[Round "7.38"]
[White "Sklar, Petr"]
[Black "Rucabado, Stefan"]
[Result "0-1"]
[TimeControl "90 min per 40 moves + 15 min + 30 sec / move from move 1"]
[WhiteFideId "23731141"]
[BlackFideId "23730315"]
[WhiteElo "1160"]
[BlackElo "1873"]

1. d4 d5 2. Bf4 c5 3. e3 cxd4 4. Qxd4 Nc6 5. Bb5 Nf6 6. Nc3 Bd7 7. Bxc6 Bxc6 8. h3 e6 9. Nf3 Qb6 10.
Qxb6 axb6 11. O-O Be7 12. Nd4 O-O 13. Rfd1 Rfc8 14. a3 Nd7 15. Bg3 Nc5 16. Ncb5 Ne4 17. Rac1 Nxg3 18. fxg3 Bc5 19.
Kf2 e5 20. Nxc6 bxc6 21. Nc3 b5 22. Na2 f5 23. Kf3 g5 24. c3 Kf7 0-1

[Event "Polofinale MCR junioru 2023"]
[Site "Czech Republic"]
[Date "2023.11.16"]
[Round "7.39"]
[White "Vasinek, Martin"]
[Black "Striz, Tadeas"]
[Result "1-0"]
[TimeControl "90 min per 40 moves + 15 min + 30 sec / move from move 1"]
[WhiteFideId "392200"]
[BlackFideId "23723530"]
[WhiteElo "1987"]
[BlackElo "1371"]

1. d4 Nf6 2. c4 e6 3. Nf3 b6 4. e3 Bb7 5. Bd3 d5 6. O-O Nbd7 7. b3 Be7 8. Bb2 c5 9. Qe2 Rc8 10.
Nc3 O-O 11. Rfd1 Ne4 12. Rac1 cxd4 13. Nxd4 Nxc3 14. Bxc3 Nc5 15. Bb1 Qc7 16. Qh5 g6 17. Qh6 e5 18. Nb5 Qb8 19. cxd5 a6 20.
d6 Bf6 21. Nc7 Rfd8 22. Bb4 Ne4 23. Nxa6 Rxc1 24. Rxc1 Qa7 25. Nc7 Nxd6 26. Bxd6 Qa5 27. e4 Rxd6 28. Ne8 Re6 29. Nxf6+ Rxf6 30.
Rd1 Rd6 31. Qc1 Qc3 32. h3 Qb4 33. Rxd6 Qxd6 34. Qc2 Kg7 35. Qd3 Qc5 36. Qc4 Qd6 37. Bd3 g5 38. a4 Kf6 39. b4 Ke7 40. a5 1-0

[Event "Polofinale MCR junioru 2023"]
[Site "Czech Republic"]
[Date "2023.11.17"]
[Round "8.3"]
[White "Skypala, Ondrej"]
[Black "Hak, David"]
[Result "1/2-1/2"]
[TimeControl "90 min per 40 moves + 15 min + 30 sec / move from move 1"]
[WhiteFideId "366285"]
[BlackFideId "377007"]
[WhiteElo "2159"]
[BlackElo "2253"]

1. c4 c5 2. g3 g6 3. Bg2 Bg7 4. Nf3 e5 5. Nc3 Ne7 6. a3 Nbc6 7. b4 cxb4 8. axb4 Nxb4 9. Ba3 Nec6 10.
Qa4 a5 11. O-O O-O 12. Rab1 Ra6 13. d3 d6 14. Nb5 Be6 15. Nd2 Qd7 16. Ne4 Nd4 17. Bxb4 axb4 18. Qxb4 Nxe2+ 19. Kh1 Bh3 20.
Bxh3 Qxh3 21. Qb2 Nf4 22. f3 Nxd3 23. Qe2 Nc5 24. Nbxd6 Nxe4 25. Nxe4 Rfa8 26. Rfd1 Ra2 27. Rd2 Ra1 28.
Qd1 Rxb1 29. Qxb1 Bh6 30. Re2 Ra3 31. f4 Qe6 32. Qb2 Qxc4 33. Nf6+ Kg7 34. Qxe5 Qc1+ 35. Kg2 Qc3 36. Nh5+ Kg8 37. Nf6+ 1/2-1/2

[Event "Polofinale MCR junioru 2023"]
[Site "Czech Republic"]
[Date "2023.11.17"]
[Round "8.4"]
[White "Lihotsky, Lukas"]
[Black "Bokhnak, Timofey"]
[Result "1/2-1/2"]
[TimeControl "90 min per 40 moves + 15 min + 30 sec / move from move 1"]
[WhiteFideId "23727004"]
[BlackFideId "14172976"]
[WhiteElo "2100"]
[BlackElo "2210"]

1. d4 d5 2. c4 e6 3. Nc3 Nf6 4. Nf3 Be7 5. Bg5 O-O 6. e3 h6 7. Bh4 b6 8. cxd5 Nxd5 9. Bxe7 Qxe7 10.
Nxd5 exd5 11. Rc1 Be6 12. Qa4 c5 13. Qa3 Rc8 14. Be2 Nd7 15. O-O Qf8 16. dxc5 bxc5 17. Rfd1 Rcb8 18. Qc3 Qd6 19.
e4 d4 20. Qa3 Qf4 21. Nd2 Qe5 22. Bc4 Rc8 23. f3 Rab8 24. Bxe6 Qxe6 25. Nc4 a5 1/2-1/2